 Dungeon Crawl Stone Soup version 0.30-a0-359-gd0147acb1a (webtiles) character file.

Game seed: 12654718512859886261

4 Maxmaps the Insei (level 1, 0/13 HPs)
             Began as an Octopode Transmuter on Nov 11, 2022.
             Slain by a gnoll
             ... wielding a +0 flail
              (13 damage)
             ... on level 1 of the Dungeon.
             The game lasted 00:00:16 (126 turns).

Maxmaps the Insei (Octopode Transmuter)              Turns: 126, Time: 00:00:16

Health: 0/13       AC:  1    Str:  9    XL:     1   Next: 60%
Magic:  2/3        EV: 13    Int: 15    God:
Gold:   0          SH:  0    Dex: 12    Spells: 3/4 levels left

rFire   . . .      SeeInvis .      - Unarmed
rCold   . . .      Faith    .    (no shield)
rNeg    . . .      Spirit   .    (helmet currently unavailable)
rPois   .          Reflect  .    (no amulet)
rElec   .          Harm     .    (no ring)
rCorr   .          Rampage  .    (no ring)
Will    .....                    (no ring)
Stlth   ++........               (no ring)
HPRegen 0.22/turn                (no ring)
MPRegen 0.08/turn                (no ring)
                                 (no ring)
                                 (no ring)

@: appendages
A: tentacle spike 3, almost no armour, amphibious, 8 rings, camouflage 1,
gelatinous body 1, (nimble swimmer 1), tentacles
a: End Transformation


You were on level 1 of the Dungeon.
One of your tentacles had grown a beastly spike.
You visited 1 branch of the dungeon, and saw 1 of its levels.

Inventory:

Potions
 a - a potion of lignification


   Skills:
 + Level 1.6 Fighting
 - Level 2.0 Dodging
 - Level 3.0 Unarmed Combat
 - Level 2.0 Spellcasting
 - Level 2.0 Transmutations


You had 3 spell levels left.
You knew the following spells:

 Your Spells              Type           Power      Damage    Failure   Level
a - Beastly Appendage     Tmut           14%        N/A       10%         1

Your spell library contained the following spells:

 Spells                   Type           Power      Damage    Failure   Level
 Wereblood                Tmut           7%         N/A       14%         2
 Spider Form              Tmut/Pois      4%         N/A       41%         3
 Ice Form                 Ice/Tmut       4%         N/A       82%         4


Dungeon Overview and Level Annotations

Branches:
Dungeon (1/15)

Altars:


Innate Abilities, Weirdness & Mutations

One of your tentacles has grown a beastly spike.
You cannot wear most types of armour.
You are amphibious.
You can wear up to eight rings at the same time.
Your skin changes colour to match your surroundings (Stealth+).
Your rubbery body absorbs attacks. (AC +1, EV +1)
((You are camouflaged when in or above water. (Stealth+)))
You have tentacles for arms and can constrict up to eight enemies at once.


Message History

The ball python is severely wounded.
The ball python bites you. The ball python constricts you.
You tentacle-slap the ball python.
You kill the ball python!
The kobold shouts!
You see here a +0 leather armour.
You see here 4 stones.
Casting: Beastly Appendage (safe; 10% risk of failure)
Confirm with . or Enter, or press ? or * to list all spells.
One of your tentacles grows a vicious spike.
Your transformation is almost over.
You tentacle-slap the kobold. You grab the kobold. You squeeze the kobold.
You kill the kobold!
You see here a +0 club.
You start resting.
Magic restored.
You start resting.
Your tentacle spike disappears.
HP restored.
Unknown command.
You see here a quokka corpse.
Found a stone staircase leading down.
There is a stone staircase leading down here.
A gnoll comes into view. It is wielding a +0 flail.
A gnoll is nearby!
Casting: Beastly Appendage (safe; 10% risk of failure)
Confirm with . or Enter, or press ? or * to list all spells.
One of your tentacles grows a vicious spike.
The helpless gnoll fails to defend itself.
You tentacle-slap the gnoll. You grab the gnoll.
You squeeze the gnoll, but do no damage.
The gnoll is moderately wounded.
You constrict the gnoll, but do no damage.
The gnoll barely misses you.
You completely miss the gnoll.
The gnoll is moderately wounded.
You constrict the gnoll, but do no damage.
The gnoll hits you with a +0 flail!
Ouch! That really hurt!
You die...

#...# #..### #.### #.##
######.# #.# #......#
#.# ###''##### #>#
###§§§.≈≈### #.#
##≈§§§§.≈§≈≈#####.#
#≈≈≈#≈..≈#≈≈≈##...#
#≈≈§≈≈§.≈§§§§##@###
≈≈≈§≈≈..≈§≈§§§#.g......
≈≈≈§§#..#≈§≈≈§#########
§§#≈≈#..#§§#§≈# ≈≈≈≈
#><#§§§≈≈# §§
####§§§≈§# § §≈§§#


You could see a gnoll.

Vanquished Creatures
  A ball python (D:1)
  A quokka (D:1)
  A kobold (D:1)
  A rat (D:1)
4 creatures vanquished.

Notes
Turn   | Place    | Note
-------+----------+-------------------------------------------
     0 | D:1      | Maxmaps the Octopode Transmuter began the quest for the
                  | Orb.
     0 | D:1      | Reached XP level 1. HP: 13/13 MP: 3/3
   126 | D:1      | Slain by a gnoll

Illustrated notes

Levels and vault maps discovered:
D:1:      lightli_molten_gateway, layout_rooms, chequers_ecumenical_altar_island

Action                   || total
-------------------------++-------
Melee: Unarmed           ||    13
       Constrict         ||     3
       Tentacles         ||     3
 Cast: Beastly Appendage ||     2
 Stab: Sleeping          ||     2
Dodge: Dodged            ||     6

Table legend: (Time is in decaauts)
 A = Elapsed time spent in this place.
 B = Non-inter-level travel time spent in this place.
 C = Inter-level travel time spent in this place.
 D = Time resting spent in this place.
 E = Time spent auto-exploring this place.
 F = Levels seen in this place.
 G = Mean time per level.
                   A        B        C        D        E       F      G
               +--------+--------+--------+--------+--------+-----+--------+
         Total |    125 |    125 |      0 |     13 |     60 |   1 |  125.0 |
       Dungeon |    125 |    125 |      0 |     13 |     60 |   1 |  125.0 |
               +--------+--------+--------+--------+--------+-----+--------+

Top non-repeatable levels by time:
     D:1: 125 daAuts
